[Event "ICC tourney 2296 (30 10)"]
[Site "Internet Chess Club"]
[Date "2021.01.10"]
[Round "1"]
[White "Jeffchess"]
[Black "shreyanshdaga"]
[Result "1-0"]
[ICCResult "Black checkmated"]
[WhiteElo "1209"]
[BlackElo "474"]
[Opening "Sicilian: closed, 2...Nc6"]
[ECO "B23"]
[NIC "SI.44"]
[Time "11:02:02"]
[PlyCount "117"]
[TimeControl "1800+10"]

1. e4 c5 2. Nc3 Nc6 3. Bb5 Nf6 4. f4 g6 5. Nf3 a6 6. Bxc6 bxc6 7. d3 d6 8.
O-O Bg7 9. e5 dxe5 10. Nxe5 O-O 11. Nxc6 Qb6 12. Ne5 Be6 13. Kh1 Rac8 14.
b3 Rfd8 15. Be3 Qc6 16. Qf3 Qxf3 17. Rxf3 Bd5 18. Nxd5 Rxd5 19. Rd1 e6 20.
h3 h5 21. Nc4 Nd7 22. Bc1 Re8 23. Re1 e5 24. fxe5 Nxe5 25. Nxe5 Bxe5 26.
Rfe3 f6 27. Re4 f5 28. R4e2 Kf7 29. Bf4 Kf6 30. h4 Re6 31. Bg5+ Kf7 32. c4
Rxd3 33. Rxe5 Rxe5 34. Rxe5 Rd1+ 35. Kh2 Ra1 36. Rxc5 Rxa2 37. Rc7+ Ke6 38.
Rc6+ Ke5 39. Rxg6 Ke4 40. Rh6 Rb2 41. Rxa6 Rxb3 42. Rh6 Rc3 43. Rxh5 Rxc4
44. Rh8 Ke5 45. h5 Rg4 46. Re8+ Kd6 47. Bf6 Kd7 48. Re7+ Kd6 49. h6 Rg6 50.
h7 Rh6+ 51. Kg3 Rxh7 52. Rxh7 Ke6 53. Rh6 Kf7 54. Kf4 Ke6 55. g3 Kf7 56.
Kxf5 Kf8 57. Kg6 Ke8 58. g4 Kf8 59. Rh8# { Black checkmated } 1-0

[Event "ICC tourney 2296 (30 10)"]
[Site "Internet Chess Club"]
[Date "2021.01.10"]
[Round "1"]
[White "NoahJacob"]
[Black "OliverHsiao"]
[Result "0-1"]
[ICCResult "White checkmated"]
[WhiteElo "666"]
[BlackElo "1241"]
[Opening "Giuoco Piano: Greco's attack"]
[ECO "C54"]
[NIC "IG.02"]
[Time "11:02:04"]
[PlyCount "44"]
[TimeControl "1800+10"]

1. e4 e5 2. Nf3 Nc6 3. Bc4 Bc5 4. c3 Nf6 5. d4 exd4 6. cxd4 Bb4+ 7. Nc3
Bxc3+ 8. bxc3 Nxe4 9. O-O d5 10. Bb5 O-O 11. Qb3 Bd7 12. Bb2 Ne7 13. Rab1
Bg4 14. Rfd1 Nf5 15. Ba3 Nh4 16. Rd3 Bxf3 17. gxf3 Qg5+ 18. Kf1 Qg2+ 19.
Ke1 Nxf3+ 20. Kd1 Nxf2+ 21. Kc2 Nxd3+ 22. Kxd3 Qd2# { White checkmated }
0-1

[Event "ICC tourney 2296 (30 10)"]
[Site "Internet Chess Club"]
[Date "2021.01.10"]
[Round "1"]
[White "BrianTN"]
[Black "niftyfountain"]
[Result "0-1"]
[ICCResult "White resigns"]
[WhiteElo "1074"]
[BlackElo "1357"]
[Opening "Sicilian"]
[ECO "B56"]
[NIC "SI.25"]
[Time "11:02:04"]
[PlyCount "132"]
[TimeControl "1800+10"]

1. e4 c5 2. Nf3 d6 3. d4 cxd4 4. Nxd4 Nf6 5. Nc3 Nc6 6. Nxc6 bxc6 7. e5
dxe5 8. Qxd8+ Kxd8 9. Bg5 Rb8 10. O-O-O+ Ke8 11. f3 e6 12. Bxf6 gxf6 13.
Ne4 Be7 14. g4 Bd7 15. h4 Rd8 16. a3 Kf8 17. b4 Kg7 18. h5 Bc8 19. Rxd8
Rxd8 20. Bc4 Bb7 21. Rd1 Rxd1+ 22. Kxd1 c5 23. bxc5 Bxe4 24. fxe4 Bxc5 25.
a4 Kh6 26. Kd2 Kg5 27. Be2 f5 28. exf5 exf5 29. gxf5 Kxf5 30. Kd3 f6 31.
Kc4 Bb6 32. Bd3+ Kg5 33. Bxh7 Kxh5 34. Kb5 Kg5 35. c4 f5 36. c5 Bd8 37. c6
f4 38. Kc4 Kf6 39. Kd3 Ke6 40. Ke4 Bc7 41. Bg8+ Kd6 42. Bd5 Kc5 43. a5 Kb5
44. a6 Kxa6 45. Bc4+ Kb6 46. Bd5 a5 47. Kd3 a4 48. Kc2 Kb5 49. Kb2 Kb4 50.
Ka2 Kc5 51. Bf3 Kd4 52. Ka3 Ke3 53. Bd5 f3 54. Kxa4 f2 55. Bc4 Kd2 56. Kb5
Ke1 57. Kc5 f1=Q 58. Bxf1 Kxf1 59. Kd5 Ke2 60. Ke4 Kd2 61. Kf3 Kd3 62. Kf2
e4 63. Ke1 Ke3 64. Kf1 Kd2 65. Kf2 e3+ 66. Kf1 e2+ { White resigns } 0-1

[Event "ICC tourney 2296 (30 10)"]
[Site "Internet Chess Club"]
[Date "2021.01.10"]
[Round "1"]
[White "andrewj508"]
[Black "joshebow"]
[Result "1-0"]
[ICCResult "Black checkmated"]
[WhiteElo "1256"]
[BlackElo "673"]
[Opening "Queen's pawn, Mason variation"]
[ECO "D00"]
[NIC "QP.08"]
[Time "11:02:01"]
[PlyCount "63"]
[TimeControl "1800+10"]

1. d4 d5 2. Bf4 Nf6 3. e3 Bf5 4. c4 e6 5. Nc3 Bb4 6. Qb3 Nc6 7. Nf3 Ne4 8.
a3 Bxc3+ 9. bxc3 O-O 10. Be2 Bg4 11. Qxb7 Rc8 12. Qxc6 Nxc3 13. Bd1 Nxd1
14. Rxd1 Bxf3 15. gxf3 g5 16. Rg1 h6 17. h4 f6 18. Qxe6+ Kh7 19. Qxd5 gxf4
20. Qf5+ Kh8 21. Rg6 Rf7 22. Rxh6+ Kg8 23. Qh5 Kf8 24. Rh8+ Ke7 25. Rxd8
Rxd8 26. Rb1 fxe3 27. fxe3 a5 28. Qxa5 Rd7 29. Rb7 Kd6 30. Qc5+ Ke6 31. f4
f5 32. Qe5# { Black checkmated } 1-0

[Event "ICC tourney 2296 (30 10)"]
[Site "Internet Chess Club"]
[Date "2021.01.10"]
[Round "1"]
[White "EricCheng-131"]
[Black "collywog"]
[Result "0-1"]
[ICCResult "White resigns"]
[WhiteElo "1373"]
[BlackElo "1107"]
[Opening "French: Winawer (Nimzovich) variation"]
[ECO "C15"]
[NIC "FR.08"]
[Time "11:02:05"]
[PlyCount "52"]
[TimeControl "1800+10"]

1. e4 e6 2. d4 d5 3. Nc3 Bb4 4. exd5 exd5 5. Bd2 Nc6 6. Nf3 Qf6 7. Nxd5
Qe6+ 8. Ne3 Nge7 9. Bc4 Qg6 10. d5 Bxd2+ 11. Qxd2 Nd8 12. O-O-O O-O 13. h4
c6 14. h5 Qd6 15. Rdg1 cxd5 16. Nxd5 Be6 17. Nxe7+ Qxe7 18. Bxe6 Qxe6 19.
Ng5 Qxa2 20. Qd3 Qa1+ 21. Kd2 Qa5+ 22. b4 Qxg5+ 23. Kd1 Nc6 24. h6 Rad8 25.
hxg7 Rxd3+ 26. cxd3 Rd8 { White resigns } 0-1

[Event "ICC tourney 2296 (30 10)"]
[Site "Internet Chess Club"]
[Date "2021.01.10"]
[Round "1"]
[White "alexbelaya"]
[Black "Queen4aKing"]
[Result "0-1"]
[ICCResult "White resigns"]
[WhiteElo "1129"]
[BlackElo "1451"]
[Opening "Scotch gambit: Dubois-Réti defense"]
[ECO "C55"]
[NIC "KP.02"]
[Time "11:02:08"]
[PlyCount "60"]
[TimeControl "1800+10"]

1. e4 e5 2. Bc4 Nf6 3. d4 Nc6 4. Nf3 exd4 5. Nxd4 Nxe4 6. Nxc6 bxc6 7. O-O
d5 8. Re1 Bc5 9. Re2 O-O 10. Bb3 Ba6 11. c4 Re8 12. Nc3 Nxc3 13. bxc3 dxc4
14. Rxe8+ Qxe8 15. Bc2 Rd8 16. Qf1 Qe5 17. Bb2 Rd2 18. Rc1 Rxf2 19. Qxf2
Bxf2+ 20. Kxf2 Qxh2 21. Re1 g6 22. Bc1 c5 23. Be3 Bb7 24. Bxc5 Qxg2+ 25.
Ke3 Qxc2 26. Bd4 Qe4+ 27. Kd2 Qd3+ 28. Kc1 Be4 29. Kb2 Qd2+ 30. Ka3 Qxe1 {
White resigns } 0-1

[Event "ICC tourney 2296 (30 10)"]
[Site "Internet Chess Club"]
[Date "2021.01.10"]
[Round "1"]
[White "LoveChess09"]
[Black "Wfriedman24"]
[Result "0-1"]
[ICCResult "White resigns"]
[WhiteElo "837"]
[BlackElo "1286"]
[Opening "Giuoco Pianissimo"]
[ECO "C55"]
[NIC "IG.01"]
[Time "11:02:50"]
[PlyCount "128"]
[TimeControl "1800+10"]

1. e4 e5 2. Nf3 Nc6 3. Bc4 Nf6 4. d3 Bc5 5. O-O O-O 6. Nc3 d6 7. Be3 Bg4 8.
Nd5 Nxd5 9. Bxd5 Qd7 10. c3 Bb6 11. Bxc6 Qxc6 12. Nxe5 Bxd1 13. Nxc6 Be2
14. Ne7+ Kh8 15. Rfe1 Bxd3 16. Bxb6 axb6 17. a3 Rfe8 18. Nd5 Rac8 19. f3
Re5 20. b3 f5 21. Nb4 fxe4 22. Nxd3 exd3 23. Red1 Re3 24. Kf2 Re2+ 25. Kf1
Rb2 26. Rab1 Rxb1 27. Rxb1 Ra8 28. Rd1 Rxa3 29. Rxd3 Rxb3 30. Re3 Kg8 31.
g4 d5 32. Ke2 c5 33. f4 Kf7 34. Kd2 c4 35. f5 Rb2+ 36. Ke1 Rxh2 37. Rg3 g6
38. Kf1 gxf5 39. gxf5 Kf6 40. Rf3 Rh5 41. Kg2 Rxf5 42. Re3 h5 43. Re8 Kg5
44. Re7 h4 45. Rxb7 Rf6 46. Kh3 Rf3+ 47. Kg2 Rxc3 48. Rxb6 h3+ 49. Kh2 d4
50. Rb5+ Kf4 51. Rh5 Rc2+ 52. Kxh3 Kf3 53. Rc5 d3 54. Kh4 d2 55. Rf5+ Ke2
56. Re5+ Kd3 57. Re8 d1=Q 58. Rd8+ Ke2 59. Re8+ Kf3 60. Rf8+ Ke4 61. Re8+
Kf5 62. Rf8+ Ke6 63. Rg8 Rh2+ 64. Kg3 Qg1+ { White resigns } 0-1

[Event "ICC tourney 2296 (30 10)"]
[Site "Internet Chess Club"]
[Date "2021.01.10"]
[Round "1"]
[White "tinyattacker"]
[Black "thomasguchess"]
[Result "1-0"]
[ICCResult "Black checkmated"]
[WhiteElo "1216"]
[BlackElo "631"]
[Opening "two knights defense: Fegatello attack"]
[ECO "C57"]
[NIC "KP.01"]
[Time "11:02:04"]
[PlyCount "103"]
[TimeControl "1800+10"]

1. e4 e5 2. Nf3 Nc6 3. Bc4 Nf6 4. Ng5 d5 5. exd5 Nxd5 6. Nxf7 Kxf7 7. Qf3+
Ke6 8. Nc3 Nb4 9. Qe4 c6 10. a3 Na6 11. d4 Qd6 12. Bf4 c5 13. Bxe5 Qd7 14.
Bxd5+ Ke7 15. Bxg7+ Kd8 16. Bxh8 Nc7 17. Bf6+ Be7 18. Bxe7+ Qxe7 19. Qxe7+
Kxe7 20. dxc5 Nxd5 21. Nxd5+ Kd7 22. Nf6+ Ke7 23. Nxh7 Kf7 24. Ke2 Bf5 25.
Ng5+ Kf6 26. Nf3 Bxc2 27. Rac1 Re8+ 28. Kd2 Bb3 29. c6 bxc6 30. Rxc6+ Kf7
31. Rc7+ Kf8 32. Rxa7 Rd8+ 33. Kc3 Be6 34. Rc7 Bf5 35. Ne5 Be4 36. f3 Bf5
37. Rf7+ Kg8 38. Rxf5 Rc8+ 39. Nc4 Kg7 40. h4 Rg8 41. Rg5+ Kh7 42. Rxg8
Kxg8 43. h5 Kh7 44. a4 Kg8 45. a5 Kf8 46. a6 Kg8 47. a7 Kh8 48. a8=Q+ Kh7
49. Qa6 Kg8 50. Qb7 Kh8 51. h6 Kg8 52. Qg7# { Black checkmated } 1-0

[Event "ICC tourney 2296 (30 10)"]
[Site "Internet Chess Club"]
[Date "2021.01.10"]
[Round "1"]
[White "SPBrain"]
[Black "tavit2"]
[Result "0-1"]
[ICCResult "White checkmated"]
[WhiteElo "1342"]
[BlackElo "1016"]
[Opening "Ruy Lopez: old Steinitz defense"]
[ECO "C62"]
[NIC "RL.02"]
[Time "11:02:07"]
[PlyCount "178"]
[TimeControl "1800+10"]

1. e4 e5 2. Nf3 Nc6 3. Bb5 d6 4. d4 exd4 5. Nxd4 Bd7 6. Nxc6 bxc6 7. Bc4
Qh4 8. Qf3 Qf6 9. Qe2 Ne7 10. O-O g6 11. Nc3 Bg7 12. Be3 O-O 13. Rad1 c5
14. Nd5 Nxd5 15. Bxd5 Rab8 16. Bb3 Bb5 17. c4 Bc6 18. Rd2 Bxe4 19. Bxc5
dxc5 20. Qxe4 Rbe8 21. Qb7 Bh6 22. Rc2 Qe6 23. h3 Qb6 24. Qxb6 cxb6 25. Rc3
Bg7 26. Rc2 Bd4 27. Ba4 Re4 28. b3 Rd8 29. Bc6 Re6 30. Bd5 Rf6 31. Rcc1 Re8
32. Rce1 Rxe1 33. Rxe1 Bxf2+ 34. Kf1 Bxe1+ 35. Kxe1 Rf5 36. Ke2 Kg7 37. Ke3
Kf6 38. Bf3 Re5+ 39. Kd2 Kf5 40. Kc2 Re3 41. Kd2 Kf4 42. Bd5 Rg3 43. Kc2 f5
44. Kd2 h5 45. Ke2 g5 46. Bf7 h4 47. Bd5 g4 48. hxg4 fxg4 49. Kf2 Rc3 50.
a4 Rxb3 51. Bc6 g3+ 52. Kf1 Rb4 53. Bb5 Rb1+ 54. Ke2 Rg1 55. Bc6 Rh1 56.
Bd7 Rh2 57. Bc6 h3 58. Kf1 hxg2+ 59. Kg1 Ke5 60. Bb5 Kd4 61. Ba6 Kc3 62.
Bb5 Kb4 63. Ba6 Rh4 64. Kxg2 Rxc4 65. Kxg3 Rc3+ 66. Kf2 Kxa4 67. Ke2 b5 68.
Bb7 b4 69. Bd5 a5 70. Kd2 c4 71. Bc6+ Kb3 72. Be8 a4 73. Bf7 a3 74. Bh5 a2
75. Bd1+ Kb2 76. Bb3 a1=Q 77. Bxc4 Qc1+ 78. Ke2 Qe3+ 79. Kd1 Rd3+ 80. Bxd3
Qxd3+ 81. Ke1 Kc2 82. Kf2 b3 83. Kg2 b2 84. Kf2 Qe4 85. Kg3 Qe8 86. Kf2
b1=Q 87. Kf3 Qf1+ 88. Kg3 Qg8+ 89. Kh2 Qfg2# { White checkmated } 0-1

[Event "ICC tourney 2296 (30 10)"]
[Site "Internet Chess Club"]
[Date "2021.01.10"]
[Round "1"]
[White "oxdidi"]
[Black "Yeetamus123"]
[Result "1-0"]
[ICCResult "Black checkmated"]
[WhiteElo "959"]
[BlackElo "1324"]
[Opening "Sicilian defense"]
[ECO "B30"]
[NIC "SI.31"]
[Time "11:02:01"]
[PlyCount "45"]
[TimeControl "1800+10"]

1. e4 c5 2. Nf3 Nc6 3. Bc4 g6 4. O-O Bg7 5. Nc3 e6 6. d3 Nge7 7. Re1 O-O 8.
Bf4 d5 9. Bb3 a5 10. a3 Bd7 11. Qd2 dxe4 12. dxe4 Qc8 13. Bh6 Rd8 14. Qe3
b6 15. Rad1 Ne5 16. Nxe5 Bxe5 17. Qg5 Nc6 18. Na4 Qc7 19. f4 Bd4+ 20. Rxd4
f5 21. Qf6 Bc8 22. Rxd8+ Nxd8 23. Qf8# { Black checkmated } 1-0

[Event "ICC tourney 2296 (30 10)"]
[Site "Internet Chess Club"]
[Date "2021.01.10"]
[Round "1"]
[White "NikiSDKChess"]
[Black "SGOLD9367"]
[Result "0-1"]
[ICCResult "White checkmated"]
[WhiteElo "531"]
[BlackElo "1210"]
[Opening "Sicilian: closed"]
[ECO "B23"]
[NIC "SI.44"]
[Time "11:02:47"]
[PlyCount "142"]
[TimeControl "1800+10"]

1. e4 c5 2. Nc3 d6 3. Bb5+ Nc6 4. Bc4 a6 5. a4 Nf6 6. h3 e6 7. d3 Be7 8.
Nge2 Bd7 9. O-O Qb6 10. Bd2 Na5 11. Nf4 Qxb2 12. Rb1 Nxc4 13. dxc4 Qa3 14.
Rb3 Qb4 15. Rxb4 cxb4 16. Na2 Bxa4 17. Nxb4 Nxe4 18. Re1 Nc5 19. Nfd3 Rc8
20. Nxc5 Rxc5 21. Nd3 Rxc4 22. Nb2 Rxc2 23. Nxa4 Ra2 24. Nc3 Ra3 25. Qc2 d5
26. Bc1 Ra5 27. Bb2 Rc5 28. Qa4+ Rc6 29. Na2 O-O 30. Ba3 b5 31. Qb3 Bxa3
32. Qxa3 Rc4 33. Qxa6 Ra4 34. Qxb5 Rxa2 35. Rc1 h6 36. Qb7 Raa8 37. f4 Ra4
38. Rc8 Rxf4 39. Rxf8+ Kxf8 40. g3 Rc4 41. Kf2 g6 42. Qd7 Kg7 43. Qe7 Re4
44. h4 Rg4 45. Kf3 h5 46. Qd6 Re4 47. Qa3 e5 48. Qd3 Rd4 49. Qe3 e4+ 50.
Kf2 Rd3 51. Qg5 Rf3+ 52. Ke2 Rf5 53. Qd2 Re5 54. Qc3 Kf6 55. Ke3 Ke6 56.
Qc6+ Ke7 57. Qc5+ Kf6 58. Qd6+ Kf5 59. Qd7+ Kf6 60. Qd6+ Re6 61. Qxd5 Kg7
62. Qd4+ Kh7 63. Kf4 e3 64. g4 e2 65. gxh5 e1=Q 66. Qd3 Qxh4+ 67. Kf3 Qh3+
68. Kf2 Qxd3 69. hxg6+ fxg6 70. Kg2 Re2+ 71. Kf1 Qd1# { White checkmated }
0-1

[Event "ICC tourney 2296 (30 10)"]
[Site "Internet Chess Club"]
[Date "2021.01.10"]
[Round "1"]
[White "haarim"]
[Black "martinjames28"]
[Result "1-0"]
[ICCResult "Black resigns"]
[WhiteElo "1491"]
[BlackElo "1175"]
[Opening "Caro-Kann: two knights, 3...Bg4"]
[ECO "B10"]
[NIC "CK.01"]
[Time "11:02:05"]
[PlyCount "87"]
[TimeControl "1800+10"]

1. e4 c6 2. Nf3 d5 3. Nc3 Bg4 4. h3 Bh5 5. exd5 cxd5 6. Be2 Nf6 7. d4 e6 8.
O-O Bd6 9. Nb5 O-O 10. Nxd6 Qxd6 11. Ne5 Bxe2 12. Qxe2 Nc6 13. c3 Ne4 14.
Bf4 Nxe5 15. Bxe5 Qb6 16. Rab1 a5 17. f3 Nd6 18. Bxd6 Qxd6 19. f4 Rfc8 20.
f5 Re8 21. fxe6 Rxe6 22. Qd2 Rae8 23. Rbe1 Qe7 24. Rxe6 Qxe6 25. Qf4 f6 26.
Qf5 Qxf5 27. Rxf5 Rd8 28. Kf2 Kf7 29. Ke3 Ke6 30. Rf2 Rd6 31. Kd3 Rb6 32.
Re2+ Kf5 33. b3 Re6 34. Rf2+ Kg6 35. c4 Rd6 36. g4 Kf7 37. cxd5 Rxd5 38.
Re2 Rd7 39. Kc4 b6 40. d5 b5+ 41. Kc5 b4 42. Kc6 Rd8 43. d6 h6 44. Kc7 {
Black resigns } 1-0

[Event "ICC tourney 2296 (30 10)"]
[Site "Internet Chess Club"]
[Date "2021.01.10"]
[Round "1"]
[White "strongbear"]
[Black "eevee11"]
[Result "1-0"]
[ICCResult "Black checkmated"]
[WhiteElo "1295"]
[BlackElo "855"]
[Opening "Nimzovich-Larsen attack: Indian variation"]
[ECO "A01"]
[NIC "VO.08"]
[Time "11:02:33"]
[PlyCount "93"]
[TimeControl "1800+10"]

1. b3 Nf6 2. Bb2 g6 3. Bxf6 exf6 4. e3 Bg7 5. Nf3 O-O 6. Nc3 Nc6 7. d4 f5
8. Bc4 Ne7 9. Qd2 d5 10. Bd3 Qd6 11. Ne2 c5 12. Rc1 cxd4 13. Nexd4 a6 14.
O-O Qa3 15. c3 Nc6 16. Rfd1 Nxd4 17. Nxd4 Qd6 18. Ne2 Be6 19. Bc4 Rfd8 20.
b4 Qc6 21. Bb3 Rac8 22. Rc2 Be5 23. Rdc1 b5 24. a3 Qc7 25. Kh1 h5 26. h3
Qb7 27. Ra2 Ra8 28. Rca1 Qc6 29. Nd4 Qc7 30. a4 Qb7 31. g3 Bd7 32. Qd3 Bc6
33. Nxc6 Qxc6 34. Kh2 Bf6 35. axb5 axb5 36. Rxa8 Rxa8 37. Bxd5 Qc8 38. Rxa8
Qxa8 39. Bxa8 Kg7 40. Qxb5 Bxc3 41. Bd5 Bf6 42. Qd7 Kh6 43. Qxf7 Bg5 44. f4
Bxf4 45. exf4 g5 46. fxg5+ Kxg5 47. Qg7# { Black checkmated } 1-0

[Event "ICC tourney 2296 (30 10)"]
[Site "Internet Chess Club"]
[Date "2021.01.10"]
[Round "2"]
[White "Yeetamus123"]
[Black "LoveChess09"]
[Result "1-0"]
[ICCResult "Black checkmated"]
[WhiteElo "1324"]
[BlackElo "837"]
[Opening "Scotch: Potter variation"]
[ECO "C45"]
[NIC "SO.05"]
[Time "13:04:38"]
[PlyCount "69"]
[TimeControl "1800+10"]

1. e4 e5 2. Nf3 Nc6 3. d4 exd4 4. Nxd4 Bc5 5. Nb3 d6 6. Nxc5 dxc5 7. Qxd8+
Nxd8 8. Nc3 Nc6 9. Bf4 Nge7 10. Bxc7 O-O 11. O-O-O Be6 12. Be2 Rac8 13. Bd6
Rfd8 14. Bb5 Ng6 15. Bxc5 Rxd1+ 16. Rxd1 Nce5 17. Bxa7 Ra8 18. Bb6 Bxa2 19.
b3 Ra3 20. Rd8+ Nf8 21. Bc5 Ng6 22. Bxa3 Bxb3 23. cxb3 h6 24. Nd5 f6 25.
Ne7+ Kf7 26. Nxg6 Nxg6 27. Be8+ Ke6 28. Bxg6 Ke5 29. Bd6+ Kd4 30. Bf8+ Ke5
31. Bxg7 Kf4 32. Bxh6+ Kg4 33. f3+ Kh4 34. Bf4 f5 35. Rh8# { Black
checkmated } 1-0

[Event "ICC tourney 2296 (30 10)"]
[Site "Internet Chess Club"]
[Date "2021.01.10"]
[Round "2"]
[White "shreyanshdaga"]
[Black "BrianTN"]
[Result "1/2-1/2"]
[ICCResult "Game drawn because neither player has mating material"]
[WhiteElo "474"]
[BlackElo "1074"]
[Opening "Sicilian defense"]
[ECO "B30"]
[NIC "SI.31"]
[Time "13:04:43"]
[PlyCount "111"]
[TimeControl "1800+10"]

1. e4 c5 2. Nf3 Nc6 3. Bc4 f6 4. Nc3 e5 5. d3 Nge7 6. O-O d6 7. Ne1 f5 8.
Qh5+ g6 9. Qe2 fxe4 10. dxe4 Nd4 11. Qd2 Be6 12. Bxe6 Nxe6 13. Nf3 Nd4 14.
Nxd4 exd4 15. Nd5 Nxd5 16. exd5 Be7 17. Qe2 Qd7 18. Re1 O-O-O 19. Qxe7 Qxe7
20. Rxe7 Rhe8 21. Rxe8 Rxe8 22. Bg5 Re2 23. Kf1 Rxc2 24. b3 c4 25. bxc4
Rxc4 26. Re1 b5 27. Re8+ Kb7 28. Ke2 Ka6 29. Kd3 Ra4 30. Re6 Rxa2 31. Rxd6+
Ka5 32. Bd8+ Kb4 33. Ke4 Rxf2 34. Kxd4 Rxg2 35. Rd7 a5 36. Rxh7 a4 37. Rh4
Kb3 38. Rh3+ Ka2 39. d6 Rd2+ 40. Kc3 Rxd6 41. Be7 Rc6+ 42. Kd2 Rc4 43. Ra3+
Kb1 44. Kd3 Rc2 45. Kd4 Rxh2 46. Kc3 Rh3+ 47. Kb4 Rxa3 48. Kxa3 Kc2 49. Kb4
Kb2 50. Kxb5 a3 51. Bxa3+ Kxa3 52. Kc5 g5 53. Kd4 g4 54. Ke3 Kb3 55. Kf4 g3
56. Kxg3 { Game drawn because neither player has mating material } 1/2-1/2

[Event "ICC tourney 2296 (30 10)"]
[Site "Internet Chess Club"]
[Date "2021.01.10"]
[Round "2"]
[White "thomasguchess"]
[Black "alexbelaya"]
[Result "0-1"]
[ICCResult "White checkmated"]
[WhiteElo "631"]
[BlackElo "1129"]
[Opening "Scotch gambit"]
[ECO "C44"]
[NIC "SO.06"]
[Time "13:04:42"]
[PlyCount "70"]
[TimeControl "1800+10"]

1. e4 e5 2. Nf3 Nc6 3. d4 exd4 4. Bc4 Bc5 5. Ng5 d5 6. exd5 Ne5 7. O-O Nxc4
8. Qd3 Nd6 9. Re1+ Ne7 10. Bd2 Bf5 11. Qg3 Qd7 12. c3 dxc3 13. Nxc3 O-O-O
14. Bf4 f6 15. Bxd6 Bxd6 16. Qe3 Kb8 17. Nf3 g5 18. Nd4 Bg6 19. Ndb5 Nc8
20. a4 Rhe8 21. Qd4 Be5 22. Qd2 Bxc3 23. Qxc3 a6 24. Nd4 Qxd5 25. Ne6 Rxe6
26. Rxe6 Qxe6 27. b4 Qd6 28. h3 Nb6 29. b5 Qd4 30. Qa5 Qxa1+ 31. Kh2 Qe5+
32. g3 Qe2 33. Qb4 Qxf2+ 34. Kh1 Rd1+ 35. Qe1 Rxe1# { White checkmated }
0-1

[Event "ICC tourney 2296 (30 10)"]
[Site "Internet Chess Club"]
[Date "2021.01.10"]
[Round "2"]
[White "tavit2"]
[Black "andrewj508"]
[Result "0-1"]
[ICCResult "White checkmated"]
[WhiteElo "1016"]
[BlackElo "1256"]
[Opening "French defense"]
[ECO "C00"]
[NIC "FR.01"]
[Time "13:04:40"]
[PlyCount "172"]
[TimeControl "1800+10"]

1. e4 e6 2. Nf3 d5 3. exd5 exd5 4. d4 Nf6 5. Nc3 c6 6. Bg5 Be7 7. Bd3 O-O
8. O-O h6 9. Be3 Be6 10. Qd2 Nbd7 11. Rae1 Re8 12. h3 Bd6 13. Ne2 Ne4 14.
Bxe4 dxe4 15. Nh2 Qc7 16. Bf4 Bxf4 17. Nxf4 Bd5 18. Qc3 Qxf4 19. Qg3 Qxg3
20. fxg3 Nf6 21. b3 b5 22. Rf2 a5 23. Rfe2 a4 24. g4 axb3 25. axb3 Ra2 26.
Nf1 Nd7 27. Ng3 g6 28. h4 Nf6 29. g5 hxg5 30. hxg5 Nh5 31. Nxe4 Bxe4 32.
Rxe4 Rxe4 33. Rxe4 Rxc2 34. Re8+ Kg7 35. Rc8 Nf4 36. g3 Ne6 37. d5 Nxg5 38.
dxc6 Ne6 39. Rb8 Rxc6 40. Rxb5 Rc3 41. Kf2 Kf8 42. g4 Ke7 43. Rb7+ Kf6 44.
Ke2 Nd4+ 45. Kd2 Rxb3 46. Rd7 Rb4 47. Ke3 Ne6 48. Kf3 Rf4+ 49. Kg3 g5 50.
Rd6 Ke5 51. Rd7 f6 52. Re7 Kd6 53. Rf7 Nc5 54. Kh3 Ne4 55. Rf8 Nf2+ 56. Kg3
Nxg4 57. Rd8+ Ke7 58. Rd3 Ne5 59. Re3 Rf3+ 60. Rxf3 Nxf3 61. Kxf3 Ke6 62.
Kg4 Ke5 63. Kf3 Kf5 64. Kg3 g4 65. Kf2 Kg5 66. Kg3 f5 67. Kf2 f4 68. Kg2 g3
69. Kf3 Kh4 70. Kg2 Kg4 71. Kh1 f3 72. Kg1 g2 73. Kf2 Kh3 74. Kg1 f2+ 75.
Kxf2 Kh2 76. Kf3 g1=Q 77. Ke4 Qc5 78. Kf4 Qd5 79. Ke3 Qc4 80. Kd2 Qb3 81.
Ke2 Qc3 82. Kf2 Qd3 83. Ke1 Qc2 84. Kf1 Kg3 85. Ke1 Kf3 86. Kf1 Qf2# {
White checkmated } 0-1

[Event "ICC tourney 2296 (30 10)"]
[Site "Internet Chess Club"]
[Date "2021.01.10"]
[Round "2"]
[White "DanielHan"]
[Black "maadhavd"]
[Result "1-0"]
[ICCResult "Black checkmated"]
[WhiteElo "464"]
[BlackElo "469"]
[Opening "Ruy Lopez: Möller defense"]
[ECO "C78"]
[NIC "RL.12"]
[Time "13:04:45"]
[PlyCount "153"]
[TimeControl "1800+10"]

1. e4 e5 2. Nf3 Nc6 3. Bb5 a6 4. Ba4 Nf6 5. O-O Bc5 6. Bb3 O-O 7. d3 h6 8.
Nc3 d6 9. Na4 b6 10. Nxc5 bxc5 11. Ba4 Bd7 12. a3 Nh7 13. h3 Re8 14. Nh2
Nf8 15. Qf3 Re6 16. Bb3 Rf6 17. Qh5 Ne6 18. Ng4 Rg6 19. Re1 Ned4 20. Nxh6+
gxh6 21. Bxh6 Qf6 22. Bd2 Nxb3 23. cxb3 Kg7 24. Re3 Rh8 25. Qe2 Rxg2+ 26.
Kxg2 Qg5+ 27. Kf1 Nd4 28. Rg3 Qxg3 29. fxg3 Nxe2 30. Kxe2 Rxh3 31. Rg1 Bg4+
32. Ke3 Rh2 33. Bc1 Be6 34. b4 c4 35. dxc4 Bxc4 36. g4 Re2+ 37. Kf3 Rh2 38.
a4 a5 39. bxa5 Bb3 40. a6 Bxa4 41. a7 Rh8 42. b4 Ra8 43. Be3 Kg6 44. Rh1
Kf6 45. Rh6+ Ke7 46. Bg5+ Kd7 47. Be3 Kc6 48. Rh7 f6 49. Rf7 Kb5 50. Rxf6
Kxb4 51. g5 c5 52. g6 c4 53. g7 c3 54. Rg6 c2 55. g8=Q Rxg8 56. Rxg8 Bc6
57. Rc8 Kb5 58. Rxc6 Kxc6 59. a8=Q+ Kb5 60. Qb8+ Kc4 61. Qc8+ Kb3 62. Qa6
Kb2 63. Qb6+ Ka1 64. Qxd6 Kb1 65. Qxe5 Ka2 66. Qf4 Kb1 67. e5 c1=Q 68. Bxc1
Ka2 69. e6 Kb3 70. e7 Kc3 71. e8=Q Kd3 72. Qee3+ Kc2 73. Ke2 Kb1 74. Qfd4
Kc2 75. Qec3+ Kb1 76. Qdb4+ Ka2 77. Qca3# { Black checkmated } 1-0

[Event "ICC tourney 2296 (30 10)"]
[Site "Internet Chess Club"]
[Date "2021.01.10"]
[Round "2"]
[White "niftyfountain"]
[Black "Jeffchess"]
[Result "0-1"]
[ICCResult "White resigns"]
[WhiteElo "1357"]
[BlackElo "1209"]
[Opening "French: Tarrasch, closed variation"]
[ECO "C05"]
[NIC "FR.17"]
[Time "13:04:41"]
[PlyCount "84"]
[TimeControl "1800+10"]

1. e4 e6 2. d4 d5 3. Nd2 Nf6 4. e5 Nfd7 5. Bd3 c5 6. c3 c4 7. Bc2 b5 8. Ne2
a5 9. O-O a4 10. a3 Nc6 11. Nf3 Na5 12. Be3 h6 13. Re1 Be7 14. Qd2 Nb3 15.
Bxb3 axb3 16. Rad1 Nb6 17. h3 Bxa3 18. bxa3 Rxa3 19. Ra1 Ra4 20. Qb2 Bd7
21. Nd2 Qa8 22. Reb1 O-O 23. Rxa4 bxa4 24. Qa3 Bb5 25. Nf3 Re8 26. Nd2 Qd8
27. f4 Qe7 28. Qxe7 Rxe7 29. Nc1 Rb7 30. Kf2 Nd7 31. Ke1 Bc6 32. Kd1 a3 33.
Ndxb3 cxb3 34. Nxb3 Ba4 35. Kc2 a2 36. Ra1 Bxb3+ 37. Kb2 Bc4+ 38. Kc2 Rb1
39. Rxb1 Bd3+ 40. Kb2 axb1=Q+ 41. Ka3 Bc4 42. Ka4 Qb5+ { White resigns }
0-1

[Event "ICC tourney 2296 (30 10)"]
[Site "Internet Chess Club"]
[Date "2021.01.10"]
[Round "2"]
[White "martinjames28"]
[Black "NikiSDKChess"]
[Result "1-0"]
[ICCResult "Black checkmated"]
[WhiteElo "1175"]
[BlackElo "531"]
[Opening "QGA: 3.e4"]
[ECO "D20"]
[NIC "QG.04"]
[Time "13:04:42"]
[PlyCount "85"]
[TimeControl "1800+10"]

1. d4 d5 2. c4 dxc4 3. e4 Nf6 4. Nc3 e6 5. Bxc4 Nc6 6. Nf3 Bb4 7. O-O a6 8.
Bg5 h6 9. Bh4 O-O 10. e5 Be7 11. exf6 Bxf6 12. Bxf6 Qxf6 13. d5 exd5 14.
Nxd5 Qd6 15. Nc3 Qf4 16. Bd5 Ne7 17. h3 c6 18. Bb3 Bf5 19. Bc2 Rad8 20. Qc1
Qc7 21. Bxf5 Nxf5 22. Qc2 b5 23. Qxf5 b4 24. Ne4 Rd5 25. Qg4 Rfd8 26. Nf6+
Kf8 27. Nxd5 Rxd5 28. Qxb4+ Kg8 29. Rac1 Rb5 30. Qe4 Rb8 31. Rxc6 Qd7 32.
Rfc1 Qb7 33. Qc2 Rc8 34. Rxc8+ Qxc8 35. Qxc8+ Kh7 36. Ne5 f6 37. Qxa6 fxe5
38. Qb5 e4 39. Qe5 e3 40. fxe3 g5 41. Qe6 h5 42. Rc7+ Kh8 43. Qe8# { Black
checkmated } 1-0